 Dungeon Crawl Stone Soup version 0.27-a0-1182-gee19b5822f (webtiles) character file.

Game seed: 7480523674799931930

269 Elric the Spear-Bearer (level 6, -8/48 HPs)
             Began as a Merfolk Gladiator on May 17, 2021.
             Mangled by Pikel
             ... wielding a +1 whip of electrocution
              (18 damage)
             ... on level 7 of the Dungeon.
             The game lasted 00:09:23 (3910 turns).

Elric the Spear-Bearer (Merfolk Gladiator)          Turns: 3910, Time: 00:09:24

Health: -8/48      AC:  9    Str: 16    XL:     6   Next: 22%
Magic:  6/6        EV: 12    Int:  8    God:
Gold:   236        SH:  0    Dex: 15    Spells: 5/5 levels left

rFire    + . .     SeeInvis .   a - +0 trident
rCold    . . .     Faith    .   (no shield)
rNeg     . . .     Spirit   .   d - +3 ring mail {rF+}
rPois    .         Reflect  .   c - +0 helmet
rElec    .         Harm     .   (no cloak)
rCorr    .         Rampage  .   (no gloves)
Will     .....                  (no boots)
Stlth    +.........             (no amulet)
HPRegen  0.16/turn              (no ring)
MPRegen  0.10/turn              (no ring)

@: no status effects
A: (nimble swimmer 2), mertail
a: no special abilities


You were on level 7 of the Dungeon.
You visited 1 branch of the dungeon, and saw 6 of its levels.

You collected 236 gold pieces.

Inventory:

Hand Weapons
 a - a +0 trident (weapon)
Missiles
 e - 2 throwing nets (quivered)
 n - 9 boomerangs
Armour
 b - a +0 leather armour
 c - a +0 helmet (worn)
 d - a +3 ring mail of fire resistance (worn)
 j - a +0 scale mail
Jewellery
 q - a ring of willpower
Scrolls
 f - 5 scrolls of fog {unknown}
 h - 2 scrolls of identify {unknown}
 i - a scroll of enchant weapon {unknown}
 l - a scroll of silence {unknown}
 m - a scroll of magic mapping {unknown}
 o - a scroll of enchant armour {unknown}
 r - a scroll of brand weapon {unknown}
 s - 2 scrolls of teleportation {unknown}


   Skills:
 + Level 4.1 Fighting
 * Level 8.1 Polearms
 - Level 2.0 Throwing
 + Level 1.1 Armour
 - Level 4.0 Dodging


You had 5 spell levels left.
You didn't know any spells.
Your spell library was empty.

Dungeon Overview and Level Annotations

Branches:
Dungeon (7/15)
 Temple: D:4-7

Altars:
Cheibriados

Portals:
Ossuary: D:4

Annotations:
D:7 Pikel


Innate Abilities, Weirdness & Mutations

((You are quick and stealthy near water. (Stealth+, EV+, Speed+++)))
Your lower body shifts to a powerful aquatic tail in water.


Message History

Pikel hits you but does no damage.
You are electrocuted!
You barely miss Pikel.
Pikel is moderately wounded.
You miss Pikel.
Pikel is moderately wounded.
Pikel misses you.
You barely miss Pikel.
Pikel is moderately wounded.
Pikel hits you with a +1 whip of electrocution.
You hit Pikel.
Pikel is heavily wounded.
Pikel hits you but does no damage.
You miss Pikel.
Pikel is heavily wounded.
Pikel hits you but does no damage.
You are electrocuted!
* * * LOW HITPOINT WARNING * * *
Pikel hits you but does no damage.
Pikel hits you with a +1 whip of electrocution.
* * * LOW HITPOINT WARNING * * *
Pikel barely misses you. Pikel closely misses you.
Your ring mail prevents you from hitting Pikel.
Pikel is moderately wounded.
Pikel hits you with a +1 whip of electrocution.
* * * LOW HITPOINT WARNING * * *
You hit Pikel.
Pikel is moderately wounded.
You hit Pikel but do no damage.
Pikel is moderately wounded.
Pikel misses you.
It was a potion of magic.
Magic courses through your body. Pikel barely misses you.
You closely miss Pikel.
Pikel is moderately wounded.
Pikel closely misses you. The lemure hits you!
* * * LOW HITPOINT WARNING * * *
It was a potion of curing.
You feel better. The lemure hits you!
* * * LOW HITPOINT WARNING * * *
Pikel hits you but does no damage.
You are electrocuted!!
You die...

###########################
#.........................#
#.........................#
#.........................#
#.......................<.#
#.........................#
#.............55..........#
##.............K@..........#
...............#############
...............#
...............#
...............########
#####.................#
....#.................#
....#..)..............#
##..#.................#####


You could see Pikel and 2 lemures.

Vanquished Creatures
  A centaur (D:7)
  An orc priest (D:7)
  A centaur skeleton (D:7)
  Terence (D:2)
  4 adders
  A worm (D:2)
  5 orcs
  9 ball pythons
  2 bats
  7 endoplasms
  3 giant cockroaches (D:1)
  5 goblins
  5 hobgoblins
  4 jackals (D:1)
  7 kobolds
  2 quokkas (D:1)
  3 frilled lizards
  4 rats
65 creatures vanquished.

Notes
Turn   | Place    | Note
-------+----------+-------------------------------------------
     0 | D:1      | Elric the Merfolk Gladiator began the quest for the Orb.
     0 | D:1      | Reached XP level 1. HP: 16/16 MP: 1/1
   140 | D:1      | Reached XP level 2. HP: 19/23 MP: 2/2
   238 | D:1      | Reached skill level 5 in Polearms
   525 | D:1      | Reached XP level 3. HP: 22/28 MP: 3/3
  1383 | D:2      | Found a faded altar of an unknown god.
  1438 | D:2      | Reached skill level 6 in Polearms
  1634 | D:2      | Reached XP level 4. HP: 35/35 MP: 4/4
  1635 | D:2      | Found a snail-covered altar of Cheibriados.
  1938 | D:2      | Noticed Terence
  1981 | D:2      | Killed Terence
  2432 | D:3      | Reached skill level 7 in Polearms
  2991 | D:3      | Reached XP level 5. HP: 41/41 MP: 5/5
  3441 | D:4      | Found a sand-covered staircase.
  3441 | D:4      | You fall into a shaft and drop 3 floors!
  3562 | D:7      | Noticed a centaur
  3584 | D:7      | Killed a centaur
  3585 | D:7      | Reached skill level 8 in Polearms
  3585 | D:7      | Reached skill level 1 in Armour
  3585 | D:7      | Reached XP level 6. HP: 24/48 MP: 6/6
  3839 | D:6      | Noticed Pikel
  3910 | D:7      | Mangled by Pikel

Illustrated notes

Levels and vault maps discovered:
D:1:      onia_arrival_pyramid, layout_loops_corners, minmay_pentomino_t2
D:2:      layout_loops_cross, shapermc_ecumenical_altar_venn, basic_altar,
          serial_bayou_crossing, uniq_terence
D:3:      layout_loops_corners, hangedman_glass_teeth
D:4:      layout_basic, enter_ossuary_2, uniq_natasha, uniq_menkaure,
          uniq_duvessa
D:6:      cheibrodos_helix_gallery, layout_rooms, old_standard_altar,
          uniq_pikel, uniq_grinder, uniq_maggie
D:7:      layout_gridville

Skill      XL: |  1  2  3  4  5 |
---------------+----------------+-----
Polearms       | 5 6 7 8 |  8.1
Fighting       | 3 4 |  4.1
Armour         | 1 |  1.1
Throwing       | |  2.0
Dodging        | |  4.0

Action                   |  1- 3 |  4- 6 || total
-------------------------+-------+-------++-------
Melee: Trident           |   134 |   132 ||   266
Throw: Throwing net      |       |     3 ||     3
  Use: Potion            |       |     6 ||     6
 Stab: Sleeping          |     3 |       ||     3
Armor: Leather armour    |    19 |       ||    19
       Scale mail        |    15 |     7 ||    22
       Ring mail         |       |    30 ||    30
Dodge: Dodged            |    61 |    61 ||   122

Table legend: (Time is in decaauts)
 A = Elapsed time spent in this place.
 B = Non-inter-level travel time spent in this place.
 C = Inter-level travel time spent in this place.
 D = Time resting spent in this place.
 E = Time spent auto-exploring this place.
 F = Levels seen in this place.
 G = Mean time per level.
                   A        B        C        D        E       F      G
               +--------+--------+--------+--------+--------+-----+--------+
         Total |   3899 |   3817 |     82 |      0 |   3171 |   6 |  649.8 |
       Dungeon |   3899 |   3817 |     82 |      0 |   3171 |   6 |  649.8 |
               +--------+--------+--------+--------+--------+-----+--------+

Top non-repeatable levels by time:
     D:1: 1223 daAuts
     D:2: 1001 daAuts
     D:3: 975 daAuts
     D:7: 463 daAuts
     D:4: 234 daAuts
     D:6: 1 daAuts
